[Event "Titled Tuesday Blitz March 14 Late 2023"]
[White "Kurtz, Eric M"]
[Black "ArtemDyachuk"]
[WhiteFideId "30939763"]
[WhiteElo "2587"]
[BlackElo "2391"]
[Result "1-0"]
[Round "04"]
[TimeControl "180+2"]
[Date "2023.03.14"]
[WhiteClock "0:00:17"]
[BlackClock "0:00:02"]

1. Nf3 Nf6 2. c4 c5 3. g3 b6 4. Bg2 Bb7 5. O-O e6 6. Nc3 Be7 7. b3 O-O 8. Bb2 d5 9. e3 d4 10. exd4 cxd4 11. Nb5 d3 12. Re1 Na6 13. a3 Nc5 14. b4 Nce4 15. Ng5 Nxg5 16. Bxb7 h5 17. h4 Nh3+ 18. Kg2 Ng4 19. Qf3 Rb8 20. Kxh3 a6 21. Bxa6 Qd7 22. Nd4 Bf6 23. Bb5 Qd6 24. Re4 g6 25. Kg2 Bg7 26. Rb1 e5 27. Nc6 f5 28. Rxe5 Nxe5 29. Bxe5 Bxe5 30. Nxb8 Rxb8 31. Rc1 Rf8 32. c5 bxc5 33. bxc5 Qf6 34. Bxd3 f4 35. c6 Bc7 36. Re1 Qd6 37. Bc4+ Kh8 38. Re6 Qxd2 39. Rxg6 Qd4 40. Qxh5# 1-0


[Site "https://www.chess.com"]

[Event "Titled Tuesday Blitz March 14 Late 2023"]
[White "Nazaretyan, Tigran"]
[Black "Leonte, Sebastian-Marian"]
[WhiteFideId "24162345"]
[BlackFideId "1268767"]
[WhiteElo "2111"]
[BlackElo "2341"]
[Result "1-0"]
[Round "04"]
[TimeControl "180+2"]
[Date "2023.03.14"]
[WhiteClock "0:01:28"]
[BlackClock "0:00:10"]

1. d4 Nf6 2. c4 e6 3. Nf3 Bb4+ 4. Bd2 a5 5. g3 d5 6. Qc2 O-O 7. Bg2 Bxd2+ 8. Nbxd2 c5 9. dxc5 d4 10. Nb3 Nc6 11. Rd1 e5 12. Nfd2 Nb4 13. Qb1 a4 14. Nc1 e4 15. Nxe4 Bf5 16. Nxf6+ Qxf6 17. Be4 Bxe4 18. Qxe4 Rfe8 19. Qf4 Nc2+ 20. Kd2 Qg6 21. Nd3 a3 22. b3 Re4 23. Qf3 Rae8 24. Kxc2 Rxe2+ 25. Rd2 1-0


[Site "https://www.chess.com"]

[Event "Titled Tuesday Blitz March 14 Late 2023"]
[White "Bove, Alessandro"]
[Black "Sokolin, Leonid"]
[WhiteFideId "814121"]
[BlackFideId "2009161"]
[WhiteElo "2387"]
[BlackElo "2394"]
[Result "1-0"]
[Round "04"]
[TimeControl "180+2"]
[Date "2023.03.14"]
[WhiteClock "0:00:23"]
[BlackClock "0:00:02"]

1. d4 Nf6 2. Nf3 e6 3. Bg5 h6 4. Bh4 c5 5. e3 Qb6 6. Qc1 Nc6 7. c3 Ne4 8. Bd3 d5 9. Nbd2 f5 10. O-O Bd6 11. dxc5 Nxc5 12. Bc2 O-O 13. Nb3 Ne4 14. Bg3 Nxg3 15. hxg3 e5 16. Rd1 Ne7 17. Qd2 Rd8 18. Nh4 Be6 19. Rac1 a5 20. a4 d4 21. Na1 dxe3 22. Qxe3 Qxe3 23. fxe3 Bc5 24. Kf2 f4 25. gxf4 exf4 26. Rxd8+ Rxd8 27. Rd1 Bxe3+ 28. Ke2 Bc4+ 29. Bd3 Be6 30. Bh7+ Kxh7 31. Rxd8 Bc4+ 32. Ke1 Nc6 33. Rc8 Ne5 34. b3 Bd5 35. c4 Bc6 36. Nc2 Bc5 37. Ke2 Be4 38. Ne1 b6 39. Re8 Bd4 40. Nhf3 Nxf3 41. Nxf3 Bxf3+ 42. Kxf3 g5 43. Re6 Kg7 44. Ke4 Bc5 45. Kd5 h5 46. Ke5 Kf7 47. Rc6 Be3 48. Kf5 h4 49. Kg4 1-0


[Site "https://www.chess.com"]

[Event "Titled Tuesday Blitz March 14 Late 2023"]
[White "Kalajzic, Ivan"]
[Black "Postma, Dinant"]
[WhiteFideId "14506378"]
[BlackFideId "1018612"]
[WhiteElo "2203"]
[BlackElo "2511"]
[Result "0-1"]
[Round "04"]
[TimeControl "180+2"]
[Date "2023.03.14"]
[WhiteClock "0:00:16"]
[BlackClock "0:00:04"]

1. d4 Nf6 2. Nc3 e6 3. Bg5 d5 4. e4 dxe4 5. Nxe4 Be7 6. Bxf6 Bxf6 7. Nf3 Nc6 8. c3 Ne7 9. Bd3 Ng6 10. g3 Bd7 11. Qe2 Bc6 12. h4 Ne7 13. Nxf6+ gxf6 14. Be4 Qd6 15. Bxc6+ Qxc6 16. O-O-O O-O-O 17. Rhe1 Nd5 18. Nd2 Rd7 19. Qc4 Qxc4 20. Nxc4 Rhd8 21. Rd2 Ne7 22. Red1 c6 23. Ne3 Nd5 24. Nxd5 cxd5 25. Rd3 Rc7 26. Kd2 Kd7 27. Rf3 Ke7 28. Rf4 Rg8 29. b3 b5 30. Kd3 f5 31. Rc1 Kd6 32. c4 bxc4+ 33. bxc4 dxc4+ 34. Rxc4 Rxc4 35. Kxc4 Rc8+ 36. Kb5 Rc2 37. a4 Ra2 38. g4 fxg4 39. Rxf7 h5 40. Rxa7 Rxf2 41. Rg7 Rf4 42. a5 Rxd4 43. a6 Rd5+ 44. Kb6 Rd1 45. Rg5 Rb1+ 46. Ka5 Kc7 47. Rxh5 Ra1+ 48. Kb5 Rb1+ 49. Kc5 Ra1 50. Rh7+ Kb8 51. h5 Rxa6 52. h6 g3 53. Rg7 Ra5+ 54. Kd6 Rh5 55. h7 g2 56. Rxg2 Rxh7 57. Kxe6 Rb7 58. Rg7 Rxg7 0-1


[Site "https://www.chess.com"]

[Event "Titled Tuesday Blitz March 14 Late 2023"]
[White "Karas, Marek"]
[Black "Jenkins, Drake"]
[WhiteFideId "14928558"]
[BlackFideId "2022397"]
[WhiteElo "2233"]
[BlackElo "2256"]
[Result "1-0"]
[Round "04"]
[TimeControl "180+2"]
[Date "2023.03.14"]
[WhiteClock "0:00:03"]
[BlackClock "0:00:04"]

1. Nf3 Nf6 2. g3 c5 3. Bg2 Nc6 4. O-O e5 5. d3 d5 6. c4 d4 7. b4 cxb4 8. a3 bxa3 9. Bxa3 Bxa3 10. Nxa3 O-O 11. Qb3 Re8 12. Nd2 a5 13. Rfb1 Nb4 14. Nc2 Nxc2 15. Qxc2 Qc7 16. Rb5 Ra7 17. Qb2 Bg4 18. Kf1 Rb8 19. c5 Bd7 20. Rb6 Qxc5 21. Rc1 Qf8 22. Nc4 Qe7 23. Bxb7 Raxb7 24. Rxb7 Rxb7 25. Qd2 Bh3+ 26. Kg1 h6 27. Qxa5 e4 28. Qa8+ Kh7 29. Qa5 exd3 30. exd3 Qe2 31. Ne5 Rb2 32. Qe1 Qxe1+ 33. Rxe1 Be6 34. Nf3 Ng4 35. Nxd4 Nxf2 36. Nxe6 fxe6 37. Rxe6 Nxd3 38. Rd6 Ne5 39. h4 Nf3+ 40. Kf1 Nd2+ 41. Kg1 Ne4 42. Rd3 Nf6 43. Rf3 Rc2 44. Rd3 Ne4 45. Re3 Nf6 46. Rf3 h5 47. Kf1 Kg6 48. Ra3 Ng4 49. Ra5 Rd2 50. Rg5+ Kh6 51. Rb5 Rd6 52. Kg2 Rg6 53. Rc5 Nf6 54. Rc8 Ne4 55. Rh8# 1-0


[Site "https://www.chess.com"]

[Event "Titled Tuesday Blitz March 14 Late 2023"]
[White "Fernandez Hernandez, Gerardo"]
[Black "ArchibaldCerveza29"]
[WhiteFideId "2207400"]
[WhiteElo "2207"]
[BlackElo "2504"]
[Result "0-1"]
[Round "04"]
[TimeControl "180+2"]
[Date "2023.03.14"]
[WhiteClock "0:00:03"]
[BlackClock "0:00:12"]

1. e4 e5 2. Nf3 Nc6 3. Bc4 Nf6 4. d4 exd4 5. e5 d5 6. Bb5 Ne4 7. Nxd4 Bd7 8. Bxc6 bxc6 9. O-O Bc5 10. Be3 Bb6 11. Nd2 Nxd2 12. Qxd2 c5 13. Nb3 Qe7 14. Qxd5 O-O 15. Bxc5 Bxc5 16. Nxc5 Bf5 17. Rfe1 Rfd8 18. Qc4 Rab8 19. Nb3 Rb4 20. Qc3 h5 21. Rad1 Rg4 22. Rxd8+ Qxd8 23. h3 Rg6 24. Kh2 Qg5 25. Qg3 Qd8 26. Qc3 Qg5 27. Qg3 Qe7 28. Qe3 Be6 29. a3 Bd5 30. f3 Qh4 31. Qe2 Qg3+ 32. Kh1 Be6 33. Nd4 Bc8 34. e6 Bxe6 35. Nxe6 Rxe6 36. Qb5 Rxe1+ 0-1


[Site "https://www.chess.com"]

[Event "Titled Tuesday Blitz March 14 Late 2023"]
[White "Jovic, Stanoje"]
[Black "Salgado Lopez, Ivan"]
[WhiteFideId "905020"]
[BlackFideId "2257327"]
[WhiteElo "2236"]
[BlackElo "2571"]
[Result "1-0"]
[Round "04"]
[TimeControl "180+2"]
[Date "2023.03.14"]
[WhiteClock "0:01:22"]
[BlackClock "0:01:00"]

1. c4 e6 2. g3 d5 3. Bg2 Nf6 4. Nf3 Be7 5. O-O O-O 6. d4 c6 7. Qc2 b6 8. Nbd2 c5 9. dxc5 bxc5 10. cxd5 exd5 11. b3 Nc6 12. Bb2 Ba6 13. Rfe1 Rc8 14. Rac1 Nb4 15. Qb1 Qb6 16. a3 Nc6 17. Ng5 d4 18. e3 h6 19. Nh3 Ne5 20. exd4 Bd3 21. Qa1 Neg4 22. Rxe7 1-0


[Site "https://www.chess.com"]

[Event "Titled Tuesday Blitz March 14 Late 2023"]
[White "Comas Fabrego, Lluis"]
[Black "Rangel, Daniel"]
[WhiteFideId "2200325"]
[BlackFideId "2124475"]
[WhiteElo "2523"]
[BlackElo "2256"]
[Result "0-1"]
[Round "04"]
[TimeControl "180+2"]
[Date "2023.03.14"]
[WhiteClock "0:00:02"]
[BlackClock "0:00:55"]

1. Nf3 Nf6 2. c4 e6 3. b3 d5 4. Bb2 Be7 5. g3 O-O 6. Bg2 b6 7. O-O Bb7 8. e3 Nbd7 9. Qe2 c5 10. Rd1 Re8 11. Nc3 d4 12. exd4 cxd4 13. Nxd4 Bxg2 14. Kxg2 Qc8 15. Nf3 e5 16. d3 Nf8 17. Ne4 Ng6 18. Nxe5 Nxe5 19. Bxe5 Ng4 20. Bd4 f5 21. h3 Nh6 22. Nc3 Bf6 23. Bxf6 Rxe2 24. Nxe2 Qc6+ 25. Kh2 Qxf6 26. Nf4 Qd4 27. Kg2 Re8 28. Nd5 Re2 29. Rf1 Qxd3 30. Rad1 Qe4+ 31. Kg1 Nf7 32. Nf4 Ng5 33. Rd8+ Kf7 34. Rd7+ Ke8 0-1


[Site "https://www.chess.com"]

[Event "Titled Tuesday Blitz March 14 Late 2023"]
[White "Burke, Paul"]
[Black "Kielinkei"]
[WhiteFideId "2605767"]
[WhiteElo "1854"]
[BlackElo "2431"]
[Result "0-1"]
[Round "04"]
[TimeControl "180+2"]
[Date "2023.03.14"]
[WhiteClock "0:00:28"]
[BlackClock "0:00:22"]

1. e4 c5 2. Nf3 e6 3. d4 cxd4 4. c3 Nf6 5. e5 Nd5 6. cxd4 b6 7. Bd3 Bb7 8. O-O Be7 9. Nc3 Nxc3 10. bxc3 O-O 11. Qc2 h6 12. Bf4 d6 13. Rfe1 dxe5 14. Nxe5 Nd7 15. Rad1 Nxe5 16. dxe5 Qc7 17. Qd2 Rad8 18. Bxh6 Ba6 19. Qe3 Rxd3 20. Rxd3 Bxd3 21. Bxg7 Kxg7 22. Qxd3 Rg8 23. Re3 Rd8 24. Qe2 Qd7 25. Qg4+ Kf8 26. Re1 Qd2 27. Rf1 Qg5 28. Qf3 Rd5 29. g3 Qxe5 0-1


[Site "https://www.chess.com"]

[Event "Titled Tuesday Blitz March 14 Late 2023"]
[White "Tagliati, Eleonore"]
[Black "Meunier-Pion, Jean"]
[WhiteFideId "45172234"]
[BlackFideId "20685327"]
[WhiteElo "2217"]
[BlackElo "2124"]
[Result "1/2-1/2"]
[Round "04"]
[TimeControl "180+2"]
[Date "2023.03.14"]
[WhiteClock "0:00:43"]
[BlackClock "0:00:12"]

1. e4 c5 2. Nf3 d6 3. Bb5+ Nd7 4. c4 Nf6 5. Nc3 g6 6. O-O Bg7 7. d3 O-O 8. Ba4 Ne5 9. Kh1 Bg4 10. h3 Bxf3 11. gxf3 Nh5 12. f4 Nc6 13. Bxc6 bxc6 14. Qf3 e5 15. f5 Rb8 16. Rb1 Nf4 17. Bxf4 exf4 18. Qxf4 Qa5 19. f6 Bh8 20. Qxd6 Rfd8 21. Qxc6 Rxd3 22. Nd5 Qd2 23. Qd6 Re8 24. Ne7+ Rxe7 25. Qxe7 Rxh3+ 26. Kg2 Rh2+ 27. Kxh2 Qf4+ 28. Kh3 Qf3+ 29. Kh2 Qf4+ 30. Kg2 Qg4+ 31. Kh2 Qh4+ 32. Kg1 Qg4+ 33. Kh1 Qh3+ 34. Kg1 Qg4+ 35. Kh1 Qh3+ 36. Kg1 Qg4+ 1/2-1/2


[Site "https://www.chess.com"]

[Event "Titled Tuesday Blitz March 14 Late 2023"]
[White "Johannesson, Ingvar Thor"]
[Black "Gamage, Wanshini Vidusama"]
[WhiteFideId "2301490"]
[BlackFideId "9953752"]
[WhiteElo "2360"]
[BlackElo "2261"]
[Result "1-0"]
[Round "04"]
[TimeControl "180+2"]
[Date "2023.03.14"]
[WhiteClock "0:00:48"]
[BlackClock "0:00:28"]

1. c4 g6 2. g3 Bg7 3. Bg2 Nf6 4. Nc3 c6 5. Nf3 O-O 6. O-O d5 7. cxd5 cxd5 8. d4 Nc6 9. Ne5 Bf5 10. Nxc6 bxc6 11. Na4 Nd7 12. Be3 e5 13. dxe5 Bxe5 14. Bd4 Bxd4 15. Qxd4 Nb6 16. Nc5 Nc4 17. b3 Na3 18. Rac1 Qd6 19. e4 Nb5 20. Qd1 dxe4 21. Nxe4 Qxd1 22. Rfxd1 Rfd8 23. Nf6+ Kg7 24. Bxc6 Rxd1+ 25. Rxd1 Rc8 26. Ne8+ Rxe8 27. Bxe8 Nc3 28. Rd2 Ne4 29. Rd5 Nc3 30. Ra5 Bd7 31. Bxd7 1-0


[Site "https://www.chess.com"]

[Event "Titled Tuesday Blitz March 14 Late 2023"]
[White "Torres Dominguez, David"]
[Black "Fan_Of_Chucky"]
[WhiteFideId "2220857"]
[WhiteElo "1999"]
[BlackElo "2329"]
[Result "1/2-1/2"]
[Round "04"]
[TimeControl "180+2"]
[Date "2023.03.14"]
[WhiteClock "0:00:29"]
[BlackClock "0:00:37"]

1. e4 c5 2. Nc3 a6 3. Nf3 b5 4. d4 e6 5. Be2 Bb7 6. e5 cxd4 7. Qxd4 Nc6 8. Qd1 d6 9. exd6 Bxd6 10. Ne4 Be7 11. O-O Nf6 12. Qxd8+ Rxd8 13. Nxf6+ Bxf6 14. c3 O-O 15. Be3 Ne5 16. Nxe5 Bxe5 17. a4 Bc6 18. axb5 Bxb5 19. c4 Bd7 20. Rxa6 Bxb2 21. c5 Rc8 22. Rb1 Be5 23. Bf3 Rb8 24. Rxb8 Rxb8 25. g3 Bb5 26. Ra7 g6 27. c6 Rc8 28. Ra5 Rb8 29. Ra7 Rc8 30. Ra5 Rb8 31. Ra7 1/2-1/2


[Site "https://www.chess.com"]

[Event "Titled Tuesday Blitz March 14 Late 2023"]
[White "Guo, Josh"]
[Black "ritanovikova"]
[WhiteFideId "2682427"]
[WhiteElo "2324"]
[BlackElo "2160"]
[Result "0-1"]
[Round "04"]
[TimeControl "180+2"]
[Date "2023.03.14"]
[WhiteClock "0:01:27"]
[BlackClock "0:02:34"]

1. e4 d6 2. d4 g6 3. Nc3 Bg7 4. Nf3 Bg4 5. Be2 Nc6 6. Be3 e5 7. d5 Bxf3 8. gxf3 Nd4 9. Bxd4 exd4 10. Nb5 d3 11. Qxd3 Bxb2 12. Nd4 Bxa1 0-1


[Site "https://www.chess.com"]

[Event "Titled Tuesday Blitz March 14 Late 2023"]
[White "lisjakzlatko1"]
[Black "Todev, Simeon"]
[BlackFideId "2925133"]
[WhiteElo "2158"]
[BlackElo "1938"]
[Result "0-1"]
[Round "04"]
[TimeControl "180+2"]
[Date "2023.03.14"]
[WhiteClock "0:00:11"]
[BlackClock "0:00:33"]

1. e4 g6 2. d4 Bg7 3. Nc3 d6 4. g3 e5 5. dxe5 dxe5 6. Qxd8+ Kxd8 7. Bg5+ f6 8. O-O-O+ Bd7 9. Be3 Ne7 10. Bc4 c6 11. a4 b6 12. f4 Kc7 13. fxe5 fxe5 14. Bg5 Re8 15. h3 a6 16. Nf3 b5 17. Bb3 Ng8 18. Rhf1 h6 19. g4 hxg5 20. Nxg5 Nf6 21. Nf7 Re7 22. Nd6 Be6 23. Bxe6 Rxe6 24. g5 Rxd6 25. gxf6 Rxf6 26. Rxf6 Bxf6 0-1


[Site "https://www.chess.com"]

[Event "Titled Tuesday Blitz March 14 Late 2023"]
[White "Harris, Ian"]
[Black "Souza, Gustavo Horokoski De"]
[WhiteFideId "2020092"]
[BlackFideId "2146584"]
[WhiteElo "2304"]
[BlackElo "1859"]
[Result "1-0"]
[Round "04"]
[TimeControl "180+2"]
[Date "2023.03.14"]
[WhiteClock "0:00:19"]
[BlackClock "0:00:01"]

1. d4 Nf6 2. Bg5 g6 3. Nc3 Bg7 4. Qd2 d6 5. O-O-O c6 6. Bh6 Bxh6 7. Qxh6 Nbd7 8. e4 b5 9. e5 Nd5 10. Nxd5 cxd5 11. e6 fxe6 12. Qg7 Rf8 13. Qxh7 Qa5 14. Kb1 Rxf2 15. Qxg6+ Kd8 16. Nf3 Rb8 17. Qg3 Rxf3 18. gxf3 b4 19. f4 Ba6 20. Bxa6 Qxa6 21. h4 Rb5 22. h5 Ra5 23. Qb3 Nb6 24. h6 Nc4 25. h7 Kd7 26. h8=Q Rb5 27. Rh7 Rb6 28. Qh3 Qa4 29. Rxe7+ 1-0


[Site "https://www.chess.com"]

[Event "Titled Tuesday Blitz March 14 Late 2023"]
[White "Gharamian, Tigran"]
[Black "Djordjevic, Dejan N"]
[WhiteFideId "13301527"]
[BlackFideId "913316"]
[WhiteElo "2632"]
[BlackElo "2261"]
[Result "1-0"]
[Round "04"]
[TimeControl "180+2"]
[Date "2023.03.14"]
[WhiteClock "0:01:49"]
[BlackClock "0:01:51"]

1. d4 Nf6 2. Nf3 g6 3. c4 Bg7 4. Nc3 d6 5. e4 O-O 6. Be2 Nc6 7. O-O e5 8. d5 Ne7 9. Ne1 Ne8 10. Be3 f5 11. f3 f4 12. Bf2 g5 13. g4 h5 14. h3 hxg4 15. hxg4 Kf7 16. Kg2 Rh8 17. Nd3 c5 18. dxc6 bxc6 19. b4 Be6 20. b5 Bxc4 21. Nxe5+ Bxe5 22. Bxc4+ d5 23. exd5 Bxc3 24. d6+ Nd5 25. bxc6 Bxa1 26. Qxd5+ 1-0


[Site "https://www.chess.com"]

[Event "Titled Tuesday Blitz March 14 Late 2023"]
[White "Manu_ChessExcelsior"]
[Black "Tsyhanchuk, Stanislav"]
[BlackFideId "13505130"]
[WhiteElo "2003"]
[BlackElo "2173"]
[Result "1-0"]
[Round "04"]
[TimeControl "180+2"]
[Date "2023.03.14"]
[WhiteClock "0:00:18"]
[BlackClock "0:00:01"]

1. e4 c5 2. Nf3 d6 3. Bb5+ Nd7 4. O-O a6 5. Bd3 b5 6. c3 g6 7. Bc2 Bg7 8. d4 Bb7 9. Re1 Nh6 10. Nbd2 O-O 11. Nf1 a5 12. Ng3 b4 13. e5 dxe5 14. dxe5 Bxf3 15. Qxf3 Nxe5 16. Rxe5 Bxe5 17. Bxh6 Re8 18. Rd1 Qc7 19. Bb3 c4 20. Ba4 Red8 21. Nf1 Rxd1 22. Bxd1 Rd8 23. Be2 a4 24. cxb4 Bxb2 25. Bd1 a3 26. Bc2 Qd6 27. h4 Qxb4 28. h5 Qc3 29. hxg6 hxg6 30. Qe4 Qd4 31. Qb7 Qd7 32. Qb4 Rc8 33. Ne3 Qc7 34. g3 Bc1 35. Bf4 Qc5 36. Qb7 c3 37. Bb3 Kg7 38. Qe4 Rd8 39. Be5+ Kg8 40. Qxg6+ Kf8 41. Qxf7# 1-0


[Site "https://www.chess.com"]

[Event "Titled Tuesday Blitz March 14 Late 2023"]
[White "Abrosimov, Vladimir"]
[Black "Szyszylo, Rafal"]
[WhiteFideId "4166892"]
[BlackFideId "1109626"]
[WhiteElo "2336"]
[BlackElo "1951"]
[Result "1-0"]
[Round "05"]
[TimeControl "180+1"]
[Date "2023.03.14"]
[WhiteClock "0:00:18"]
[BlackClock "0:00:05"]

1. c4 g6 2. Nc3 Nf6 3. g3 Bg7 4. Bg2 O-O 5. d3 d6 6. e4 e5 7. Nge2 a5 8. O-O Nc6 9. f4 exf4 10. gxf4 Ng4 11. h3 Nh6 12. d4 f5 13. e5 dxe5 14. fxe5 Nf7 15. Be3 Ne7 16. Nf4 c5 17. Ncd5 cxd4 18. Bxd4 Nc6 19. Nf6+ Bxf6 20. Bxc6 Nxe5 21. Bd5+ Kh8 22. Re1 Qc7 23. Qe2 Nf3+ 24. Qxf3 Bxd4+ 25. Kh1 Bxb2 26. Rab1 Be5 27. Nd3 Bg7 28. Re2 Rb8 29. Rbe1 Bd7 30. Re7 Qd8 31. Nc5 Bc6 32. Rxg7 Bxd5 33. cxd5 Qh4 34. Ree7 Rbe8 35. Rxh7+ Qxh7 36. Rxh7+ Kxh7 37. Ne6 Rf7 38. Qf4 Rc8 39. Ng5+ Kg7 40. Nxf7 Kxf7 41. Qd6 Rc1+ 42. Kg2 Rc2+ 43. Kg3 Rxa2 44. Qc7+ Kf6 45. d6 Ra3+ 46. Kf2 Ra2+ 47. Ke3 Ra3+ 48. Kd2 Ra2+ 49. Kc3 Ra3+ 50. Kb2 Rd3 51. d7 Rd2+ 52. Kc3 Rxd7 53. Qxd7 g5 54. Qxb7 1-0


[Site "https://www.chess.com"]

[Event "Titled Tuesday Blitz March 14 Late 2023"]
[White "Adewumi, Tanitoluwa"]
[Black "Papasimakopoulos, Alexandros"]
[WhiteFideId "30966396"]
[BlackFideId "4244125"]
[WhiteElo "2809"]
[BlackElo "2359"]
[Result "1-0"]
[Round "05"]
[TimeControl "180+1"]
[Date "2023.03.14"]
[WhiteClock "0:00:27"]
[BlackClock "0:00:13"]

1. e4 e6 2. d4 d5 3. exd5 exd5 4. Nf3 Bg4 5. h3 Bh5 6. Qe2+ Qe7 7. Be3 Nc6 8. Nc3 O-O-O 9. O-O-O f6 10. g4 Bf7 11. Bg2 Qd7 12. a3 Kb8 13. Nd2 Nge7 14. Nb3 Nc8 15. Rhe1 h5 16. Nc5 Bxc5 17. dxc5 hxg4 18. hxg4 N8e7 19. Bf4 a6 20. Bg3 d4 21. Na4 Nd5 22. Nb6 Qe8 23. Qxe8 Rhxe8 24. Rxe8 Rxe8 25. Nxd5 Bg6 26. Kd2 Ne5 27. b3 c6 28. Nf4 Bf7 29. Nd3 Ka7 30. Bxe5 fxe5 31. Re1 Rh8 32. Nxe5 Rh2 33. Nxf7 Rxg2 34. Nd6 Rxf2+ 35. Re2 Rf4 36. Nc8+ Kb8 37. Nb6 Rf8 38. Nd7+ Ka7 39. Nxf8 1-0


[Site "https://www.chess.com"]

[Event "Titled Tuesday Blitz March 14 Late 2023"]
[White "Albornoz Cabrera, Carlos Daniel"]
[Black "Koellner, Ruben Gideon"]
[WhiteFideId "3518736"]
[BlackFideId "12993093"]
[WhiteElo "2501"]
[BlackElo "2303"]
[Result "1-0"]
[Round "05"]
[TimeControl "180+1"]
[Date "2023.03.14"]
[WhiteClock "0:00:11"]
[BlackClock "0:00:04"]

1. Nf3 d6 2. e4 Nf6 3. Nc3 e5 4. d4 Nbd7 5. Bc4 Be7 6. O-O c6 7. a4 h6 8. h3 Qc7 9. a5 Nf8 10. d5 g5 11. Nd2 Ng6 12. Bb3 a6 13. Nc4 Rb8 14. Be3 c5 15. Ba4+ Kf8 16. Nb6 Kg7 17. Ne2 g4 18. Nxc8 Qxc8 19. Ng3 Nh4 20. hxg4 Qxg4 21. Qxg4+ Nxg4 22. Bd2 Bg5 23. f4 exf4 24. Bxf4 Rbd8 25. Rae1 f6 26. c3 Rhf8 27. Bd1 Ne5 28. Bh5 Nd3 29. Bxg5 hxg5 30. Re2 Rh8 31. Bg4 Ne5 32. Bf5 Rb8 33. Be6 b6 34. Ra1 b5 35. Rf1 b4 36. Ref2 Rh6 37. Ne2 bxc3 38. Nxc3 Nd3 39. Rd2 Ne5 40. Rdf2 Nd3 41. Rd2 c4 42. Na4 Rb4 43. Nb6 Nxb2 44. Rb1 c3 45. Rc2 Rb3 46. Nc4 Ng6 47. Nxd6 Ne5 48. Nf5+ Kg6 49. Nxh6 Kxh6 50. d6 Rb8 51. Rxc3 Ng4 52. Bxg4 1-0


[Site "https://www.chess.com"]

[Event "Titled Tuesday Blitz March 14 Late 2023"]
[White "Aldokhin, Ivan"]
[Black "Bortnyk, Olexandr"]
[WhiteFideId "24115720"]
[BlackFideId "14120828"]
[WhiteElo "2322"]
[BlackElo "2734"]
[Result "0-1"]
[Round "05"]
[TimeControl "180+1"]
[Date "2023.03.14"]
[WhiteClock "0:00:02"]
[BlackClock "0:01:03"]

1. e4 Nf6 2. e5 Nd5 3. Nc3 Nb6 4. f4 d5 5. d4 Bf5 6. g4 Bd7 7. Bg2 h5 8. gxh5 Bf5 9. Nge2 e6 10. Ng3 Qh4 11. O-O g6 12. Nce2 Nc6 13. c3 O-O-O 14. Qe1 Bg4 15. hxg6 fxg6 16. h3 Bxh3 17. Bxh3 Qxh3 18. Qf2 Be7 19. Qg2 Qg4 20. Qf3 Qh3 21. Qg2 Qh4 22. b3 Rdf8 23. Be3 Ba3 24. Rf2 Ne7 25. Qf3 Nf5 26. Nxf5 gxf5 27. Kf1 Rfg8 0-1


[Site "https://www.chess.com"]

[Event "Titled Tuesday Blitz March 14 Late 2023"]
[White "Almeida Quintana, Omar"]
[Black "Xu, Yi"]
[WhiteFideId "3503313"]
[BlackFideId "8605564"]
[WhiteElo "2530"]
[BlackElo "2471"]
[Result "1/2-1/2"]
[Round "05"]
[TimeControl "180+1"]
[Date "2023.03.14"]
[WhiteClock "0:01:28"]
[BlackClock "0:01:14"]

1. d4 Nf6 2. Nf3 d5 3. c4 e6 4. Nc3 Bb4 5. Qa4+ Nc6 6. cxd5 exd5 7. Bg5 h6 8. Bxf6 Qxf6 9. e3 O-O 10. Be2 Be6 11. O-O a6 12. Rac1 Bd6 13. Qd1 Rfd8 14. Nd2 Ne7 15. g3 Bh3 16. Re1 c6 17. Bg4 Bxg4 18. Qxg4 Ng6 19. Na4 Rac8 20. Nc5 Rc7 21. b4 Re7 22. a4 Rde8 23. Nd3 Re6 24. Nc5 R6e7 25. Nd3 Re6 26. Nc5 R6e7 1/2-1/2


[Site "https://www.chess.com"]

[Event "Titled Tuesday Blitz March 14 Late 2023"]
[White "Arabidze, Meri"]
[Black "Ansh M Shah"]
[WhiteFideId "13604040"]
[BlackFideId "25033379"]
[WhiteElo "2405"]
[BlackElo "2084"]
[Result "1-0"]
[Round "05"]
[TimeControl "180+1"]
[Date "2023.03.14"]
[WhiteClock "0:01:02"]
[BlackClock "0:00:08"]

1. d4 Nf6 2. Nf3 e6 3. c4 d5 4. Nc3 Be7 5. Bg5 O-O 6. e3 c6 7. Qc2 Nbd7 8. Rd1 h6 9. Bh4 Re8 10. a3 a5 11. Bd3 dxc4 12. Bxc4 b5 13. Ba2 Bb7 14. O-O b4 15. Na4 Ba6 16. Rfe1 Bb5 17. Nc5 Nxc5 18. dxc5 Qc7 19. Bb1 g6 20. Bg3 Qa7 21. Bd6 Red8 22. e4 Rd7 23. e5 Nd5 24. h4 h5 25. a4 Ba6 26. Nd4 Qb7 27. Nxe6 Bxd6 28. cxd6 fxe6 29. Qxg6+ Rg7 30. Qxe6+ Qf7 31. Qxf7+ Kxf7 32. e6+ Kf6 33. e7 Rag8 34. g3 Bc8 35. e8=Q Rxe8 36. Rxe8 Bd7 37. Ree1 Rg4 38. Ba2 Nf4 39. Kh2 Ng6 40. Re3 Ne5 41. f4 Ng6 42. Bb1 c5 43. Bxg6 Rxg6 44. Re7 Rg7 45. Rde1 c4 46. Rxg7 Kxg7 47. Re7+ Kf6 48. Rxd7 Ke6 49. Rc7 Kxd6 50. Rxc4 Kd5 51. b3 1-0


[Site "https://www.chess.com"]

[Event "Titled Tuesday Blitz March 14 Late 2023"]
[White "Ashraf, Artin"]
[Black "Janaszak, Dawid"]
[WhiteFideId "22514805"]
[BlackFideId "1119206"]
[WhiteElo "2188"]
[BlackElo "2220"]
[Result "1-0"]
[Round "05"]
[TimeControl "180+1"]
[Date "2023.03.14"]
[WhiteClock "0:00:06"]
[BlackClock "0:00:13"]

1. d4 d5 2. Nf3 c5 3. c4 e6 4. cxd5 exd5 5. g3 Nc6 6. Bg2 Nf6 7. O-O cxd4 8. Nxd4 Bc5 9. Nxc6 bxc6 10. Qc2 Qb6 11. Nc3 Be7 12. Be3 Qa6 13. Na4 O-O 14. Rac1 Bg4 15. Rfe1 Rac8 16. Bc5 Qb7 17. b3 Rfe8 18. e3 Qd7 19. Bxe7 Qxe7 20. Qc5 Qd7 21. Qd4 Qf5 22. f3 Bh3 23. g4 Bxg4 24. fxg4 Nxg4 25. Qf4 Qh5 26. Bf3 Re6 27. Rc2 Rg6 28. Rg2 Qh4 29. Rf1 h5 30. Bxg4 hxg4 31. Qxf7+ Kh7 32. Qf5 Kh6 33. Nc5 Re8 34. Nd3 g3 35. Qf4+ Qxf4 36. Nxf4 gxh2+ 37. Kxh2 Rf6 38. Rf3 Kh7 39. Rh3+ Kg8 40. Nh5 Rf7 41. Rhg3 Ree7 42. Nf4 Rf6 43. Kg1 Kf7 44. Rxg7+ Ke8 45. Rxe7+ Kxe7 46. Rg7+ Kd6 47. Rxa7 d4 48. Ra4 dxe3 49. Kg2 Ke5 50. Kf3 e2 51. Re4+ Kf5 52. Nxe2 Kg5+ 53. Ke3 c5 54. Rc4 Ra6 55. a4 1-0


[Site "https://www.chess.com"]

[Event "Titled Tuesday Blitz March 14 Late 2023"]
[White "Avalos Parra, Joao"]
[Black "Michalski, Olaf"]
[WhiteFideId "3402541"]
[BlackFideId "1106740"]
[WhiteElo "2173"]
[BlackElo "2173"]
[Result "0-1"]
[Round "05"]
[TimeControl "180+1"]
[Date "2023.03.14"]
[WhiteClock "0:01:46"]
[BlackClock "0:00:37"]

1. d4 d6 2. c4 g6 3. Nc3 Bg7 4. e4 Nc6 5. Be3 e5 6. d5 Nce7 7. Be2 f5 8. f3 Nf6 9. h4 O-O 10. Qc2 fxe4 11. fxe4 Ng4 12. Bxg4 Bxg4 13. Nge2 Kh8 14. O-O-O Ng8 15. Rdf1 Rxf1+ 16. Rxf1 Qxh4 17. Qd2 Rf8 18. Rxf8 Bxf8 19. c5 dxc5 20. Nb5 Qh1+ 21. Ng1 Nf6 22. Qf2 Kg7 23. Nxc7 Nxe4 24. Ne8+ Kg8 25. Nf6+ Nxf6 26. Qxf6 Qxg2 27. Qxe5 Qf1+ 28. Kd2 Qd1+ 29. Kc3 Bg7 0-1


[Site "https://www.chess.com"]